AoeStats
← 辉夜夜大小姐

Oasis

509887751Analyzed
4v4 RM · 4d ago on Sep 28, 2026· 49m 27s· 8 players
Game mode
Random Map
Map size
Large (8 player)
Population
200
Speed
Normal
Resources
Standard
Victory
Conquest
Starting age
Dark Age
Ending age
Imperial Age
RankedLock teamsTeams togetherTeam positionsShared explorationLock speedFull tech treeHidden civsTurbo modeCheats
Victory
Defeat
🇹🇼 Armenians · Taiwan
1170
+14
🇨🇳 Franks · China
1144
+15
🇨🇳 Mongols · China
1142
+15
🇹🇼 Gurjaras · Taiwan
1085
+17
🇹🇼 Sicilians · Taiwan
1153
-17
🇹🇼 Khmer · Taiwan
1127
-16
🇹🇼 Persians · Taiwan
1087
-14
🇹🇼 Byzantines · Taiwan
1084
-14
ping3026
6:51 Loom
13:41 Feudal Age
13:48 Man-at-Arms
14:37 Double-Bit Axe
14:35 Horse Collar
16:56 Scale Mail Armor
17:45 Arson
17:22 Long Swordsman
20:33 Pikeman
25:48 Castle Age
25:39 Forging
28:05 Bow Saw
30:18 Wheelbarrow
29:38 Gold Mining
30:26 Town Watch
32:12 Heavy Plow
32:41 Fletching
34:00 Squires
34:52 Bodkin Arrow
37:21 Hand Cart
37:29 Ballistics
37:50 Masonry
37:43 Padded Archer Armor
37:52 Treadmill Crane
38:31 Stone Mining
39:13 Leather Archer Armor
44:45 Imperial Age
43:41 Iron Casting
46:45 Chemistry
45:48 Bracer
46:12 Conscription
45:14 Elite Composite Bowman
PERCENT5175
9:17 Feudal Age
9:56 Double-Bit Axe
13:31 Loom
17:22 Castle Age
21:26 Wheelbarrow
23:02 Horse Collar
27:21 Sanctity
26:50 Town Watch
30:13 Scale Barding Armor
30:44 Husbandry
30:55 Bloodlines
37:47 Heavy Plow
37:59 Fervor
42:11 Forging
44:15 Hand Cart
44:38 Chain Barding Armor
44:48 Kshatriyas
46:06 Iron Casting
45:43 Bow Saw
46:24 Gold Mining
46:34 Light Cavalry
47:07 Fletching
47:09 Stone Mining
50:53 Imperial Age
49:34 Stone Shaft Mining
49:35 Gold Shaft Mining
hawki2518
11:18 Feudal Age
12:13 Double-Bit Axe
14:16 Loom
17:11 Castle Age
15:17 Horse Collar
28:09 Wheelbarrow
31:49 Imperial Age
29:32 Fletching
29:45 Padded Archer Armor
30:31 Hand Cart
30:51 Ballistics
30:36 Heavy Plow
30:49 Bow Saw
31:37 Thumb Ring
31:46 Town Watch
32:00 Bodkin Arrow
32:20 Leather Archer Armor
31:57 Stone Mining
32:00 Gold Mining
33:09 Bloodlines
33:06 Husbandry
33:56 Conscription
33:43 Bracer
34:10 Parthian Tactics
34:37 Gold Shaft Mining
36:20 Stone Shaft Mining
35:14 Light Cavalry
38:20 Chemistry
37:26 Siege Engineers
37:32 Masonry
36:46 Elite Mangudai
38:58 Forging
38:54 Scale Barding Armor
39:50 Hussar
41:09 Iron Casting
40:55 Chain Barding Armor
42:10 Drill
41:53 Nomads
42:29 Hoardings
48:23 Capped Ram
48:37 Sappers
49:15 Siege Ram
辉夜夜大小姐
10:04 Feudal Age
16:33 Castle Age
15:08 Double-Bit Axe
18:33 Bow Saw
29:33 Loom
30:26 Wheelbarrow
35:59 Hand Cart
35:32 Pikeman
36:12 Squires
37:01 Scale Barding Armor
37:07 Forging
36:57 Scale Mail Armor
39:55 Imperial Age
38:17 Husbandry
38:45 Chain Barding Armor
39:20 Iron Casting
40:17 Chain Mail Armor
40:19 Gold Mining
40:17 Cavalier
41:21 Conscription
42:30 Plate Barding Armor
42:55 Blast Furnace
44:09 Gold Shaft Mining
46:15 Paladin
DumboBean
7:33 Loom
9:54 Feudal Age
11:15 Double-Bit Axe
11:17 Horse Collar
18:39 Castle Age
18:13 Forging
18:57 Scale Barding Armor
23:14 Stone Mining
23:58 Heavy Plow
24:11 Bow Saw
28:11 Wheelbarrow
28:33 Husbandry
31:11 Gold Mining
33:56 Imperial Age
33:08 Hand Cart
33:37 Greek Fire
35:03 Conscription
36:56 Chemistry
36:23 Ballistics
36:53 Chain Barding Armor
37:10 Iron Casting
38:59 Plate Barding Armor
40:32 Elite Cataphract
41:51 Fletching
42:02 Padded Archer Armor
41:41 Elite Skirmisher
42:15 Treadmill Crane
42:49 Bodkin Arrow
se972130
3:51 Loom
11:47 Feudal Age
12:45 Town Watch
16:08 Castle Age
14:01 Double-Bit Axe
15:35 Horse Collar
16:45 Bloodlines
18:19 Husbandry
21:19 Scale Barding Armor
28:04 Forging
30:03 Wheelbarrow
29:38 Heavy Plow
32:41 Hand Cart
32:27 Town Patrol
36:26 Light Cavalry
40:46 Ballistics
40:26 Gold Mining
40:26 Stone Mining
45:05 Imperial Age
43:06 Chain Barding Armor
43:22 Iron Casting
46:27 Plate Barding Armor
46:52 Blast Furnace
46:34 Gold Shaft Mining
46:34 Stone Shaft Mining
46:10 Bow Saw
46:32 Crop Rotation
45:35 Cavalier
46:22 Heavy Scorpion
48:17 Conscription
清華校草
6:34 Loom
9:14 Feudal Age
9:53 Double-Bit Axe
15:02 Forging
17:00 Wheelbarrow
18:21 Horse Collar
24:37 Castle Age
23:02 Scale Barding Armor
25:22 Husbandry
25:32 Bloodlines
24:43 Light Cavalry
26:38 Iron Casting
26:56 Chain Barding Armor
33:12 Hand Cart
37:58 Imperial Age
35:22 Light Cavalry
40:03 Blast Furnace
38:47 Cavalier
40:20 Conscription
41:26 Plate Barding Armor
41:56 Hauberk
44:49 Town Watch
轉隊長就跳海
0:40 Loom
10:25 Feudal Age
13:12 Feudal Age
17:11 Castle Age
16:13 Scale Barding Armor
16:18 Forging
18:13 Double-Bit Axe
28:21 Chain Barding Armor
28:54 Iron Casting
28:52 Husbandry
29:09 Bloodlines
33:19 Gold Mining
33:20 Stone Mining
33:42 Bow Saw
33:15 Horse Collar
39:49 Gold Shaft Mining
39:50 Stone Shaft Mining
45:24 Imperial Age
45:28 Cavalier
Connection lost

Rejoining the realm…

Still unreachable

The connection could not be restored.

Session expired

The server has moved on; the page needs a fresh start.